Map: Terraform LE (Void)

Players

Zarmoxis

  • Race: Terran Terran
  • League: Platinum

AngelOfDeath - Winner!

  • Race: Terran Terran
  • League: Platinum

VOD

Have the link to the VOD?

Description

Time

  • Played on: Aug. 23, 2015, 7:39 a.m.
  • Length: 6:59
Show
View Real Time Build Order
Export as new Build Order

Zarmoxis Terran 

Build Orders:  

Get SALT Encoding   

  12  0:01  SCV  
  13  0:13  SCV  
  14  0:18  Supply Depot  
  14  0:25  SCV  
  15  0:39  SCV  
  15  0:40  Barracks  
  16  0:51  Refinery  
  16  0:52  SCV  
  17  1:04  SCV  
  18  1:16  SCV  
  19  1:27  Marine  
  19  1:28  SCV, Supply Depot  
  19  1:30  Refinery  
  21  1:40  SCV  
  21  1:44  Marine  
  23  1:54  Factory  
  23  1:55  SCV  
  24  2:07  SCV  
  25  2:13  Command Center  
  25  2:17  Marine  
  26  2:25  SCV  
  27  2:30  Supply Depot  
  27  2:34  Marine  
  28  2:38  Starport  
  28  2:44  Factory Tech Lab  
  28  2:46  SCV  
  29  2:58  SCV, Engineering Bay  
  29  3:00  Marine  
  31  3:16  SCV  
  31  3:18  Marine  
  33  3:20  Raven  
  33  3:22  Hellion  
  37  3:28  SCV  
  37  3:30  Missile Turret  
  38  3:35  Missile Turret  
  38  3:42  Missile Turret  
  38  3:45  SCV  
  39  3:49  Hellion  
  39  3:50  Marine  
  42  3:57  SCV  
  43  4:14  Planetary Fortress  
  43  4:20  Bunker  
  43  4:29  Siege Tank  
  43  4:30  Starport Reactor  
  22  5:14  Planetary Fortress  
  10  5:48  SCV  
  11  5:58  SCV  
  11  6:00  SCV  
  13  6:06  Factory Tech Lab  
  13  6:10  Barracks Reactor  
  13  6:11  SCV  
  14  6:12  SCV, Starport Reactor  
  15  6:23  SCV  
  15  6:25  SCV  
  16  6:35  SCV  
  16  6:36  Hellion  
  16  6:37  SCV  
Show
View Real Time Build Order
Export as new Build Order

AngelOfDeath Terran - Winner!

Build Orders:  

Get SALT Encoding   

  12  0:03  SCV  
  13  0:15  SCV  
  13  0:18  Supply Depot  
  14  0:35  SCV  
  14  0:40  Barracks  
  15  0:44  Refinery  
  15  0:47  SCV  
  16  1:00  SCV  
  17  1:12  SCV  
  18  1:24  SCV  
  19  1:26  Refinery  
  19  1:27  Marine  
  20  1:36  Orbital Command  
  20  1:37  Supply Depot  
  20  1:45  Factory, Marine  
  21  2:02  SCV, Marine  
  23  2:14  SCV  
  24  2:20  Supply Depot, Marine  
  25  2:26  SCV  
  26  2:33  Starport  
  26  2:39  Marine  
  27  2:49  Hellion  
  29  3:02  Marine  
  30  3:09  Medivac  
  30  3:11  Hellion  
  34  3:17  SCV  
  35  3:20  Marine  
  36  3:29  SCV  
  36  3:32  Hellion  
  39  3:38  Marine  
  39  3:41  SCV, Medivac  
  43  3:53  SCV  
  46  3:55  Hellion, Marine  
  47  4:08  SCV  
  48  4:11  Medivac  
  48  4:13  Marine  
  51  4:20  SCV  
  52  4:32  SCV  
  46  4:55  Marine  
  46  4:57  Hellion  
  47  5:13  Marine  
  46  5:18  Hellion  
  45  5:28  Command Center  
  45  5:30  Marine, Medivac  
  45  5:31  Barracks  
  48  5:37  Barracks  
  47  5:48  Marine  
  47  5:51  Factory Tech Lab  
  47  5:55  Barracks  
  45  6:06  Marine  
  46  6:24  Marine  
Tags
 
Add a new tag
Caveats
  • Supply blocks, unpowered buildings, or Contaminate may cause inaccurate times.
  • Supply counts are checked every 10 seconds.